 Dungeon Crawl Stone Soup version 0.21-a0-95-g06f091e (webtiles) character file.

10416 Duffy the Martial Artist (level 11, -7/97 (99) HPs)
             Began as a Yellow Draconian Transmuter on July 4, 2017.
             Was a Believer of Ru.
             Mangled by Ijustatesigmund's ghost (39 damage)
             ... on level 10 of the Dungeon.
             The game lasted 00:19:34 (15296 turns).

Duffy the Martial Artist (DrTm)                    Turns: 15296, Time: 00:19:35

HP:   -7/97 (99)    AC: 11    Str: 15    XL:     11   Next: 35%
MP:   15/15         EV: 17    Int: 14    God:    Ru [**....]
Gold: 535           SH:  0    Dex: 15    Spells: 6/16 levels left

rFire    . . .     SeeInvis .     - Unarmed
rCold    + . .     Gourm    +   (no shield)
rNeg     . . .     Faith    .   (armour unavailable)
rPois    .         Spirit   .   (helmet restricted)
rElec    .         Reflect  .   M - +0 cloak
rCorr    +         Harm     .   O - +0 pair of gloves
MR       .....                  (no boots)
Stlth    ..........             C - amulet of the gourmand
HPRegen  0.26/turn              q - +3 ring of strength
MPRegen  0.14/turn              v - +2 ring of protection

@: drained
A: spit acid, acid resistance, unfitting armour, cold resistance 1, mutation
resistance 1, cold-blooded, no stealth, hated by all, AC +7
a: Breathe Acid, Renounce Religion


You were on level 10 of the Dungeon.
You worshipped Ru.
Ru was pleased with you.
You were very full.

You visited 2 branches of the dungeon, and saw 11 of its levels.

You collected 616 gold pieces.
You spent 81 gold pieces at shops.

Inventory:

Missiles
 a - 134 arrows
Armour
 M - a +0 cloak (worn)
 O - a +0 pair of gloves (worn)
Jewellery
 d - an uncursed amulet of magic regeneration
 q - a +3 ring of strength (left hand)
 r - an uncursed ring of positive energy
 t - an uncursed ring of ice
 v - a +2 ring of protection (right hand)
 C - an amulet of the gourmand (around neck)
Wands
 m - a wand of enslavement (13/24)
 z - a wand of confusion (19/48)
 E - a wand of flame (32/48)
 L - a wand of polymorph (4/24)
 N - a wand of iceblast (5/15)
 P - a wand of random effects (15/48)
 R - a wand of disintegration (12/24)
 S - a wand of paralysis (0/24)
 T - a wand of acid (0/15)
Scrolls
 e - a scroll of immolation {unknown}
 g - 9 scrolls of teleportation
 p - 3 scrolls of recharging
 w - a scroll of blinking {unknown}
 y - 2 scrolls of fog
 D - 5 scrolls of remove curse
 F - 3 scrolls of enchant armour
 H - a scroll of amnesia
 K - a scroll of fear {unknown}
 Q - a scroll of summoning {unknown}
Potions
 h - 2 potions of cancellation
 i - 5 potions of curing
 j - 5 potions of heal wounds
 k - a potion of flight
 l - 2 potions of resistance
 n - a potion of might
 o - 2 potions of haste
 u - 2 potions of brilliance
 x - a potion of magic
 B - a potion of berserk rage
 G - 2 potions of invisibility
 J - 2 potions of agility
 U - a potion of lignification {unknown}
Books
 b - a book of Changes

   Spells                             Type                      Level
   a - Beastly Appendage              Transmutation                1
   b - Sticks to Snakes               Transmutation                2
   c - Spider Form                    Transmutation/Poison         3
   d - Ice Form                       Ice/Transmutation            4
   e - Blade Hands                    Transmutation                5
 I - a book of Conjurations

   Spells                             Type                      Level
   a - Magic Dart                     Conjuration                  1
   b - Searing Ray                    Conjuration                  2
   c - Dazzling Spray                 Conjuration/Hexes            3
   d - Fulminant Prism                Conjuration/Hexes            4
   e - Force Lance                    Conjuration/Translocation    4
   f - Iskenderun's Mystic Blast      Conjuration                  4
Comestibles
 c - 8 bread rations
 f - 4 royal jellies
 s - 6 meat rations
 A - 6 fruits
 V - 5 chunks of flesh


   Skills:
 - Level 9.8(9.4) Fighting
 - Level 8.0(7.6) Dodging
 - Level 11.8(11.3) Unarmed Combat
 + Level 3.0(2.7) Spellcasting
 - Level 5.0(4.6) Transmutations
 + Level 3.2(2.8) Evocations


You had 6 spell levels left.
You knew the following spells:

 Your Spells              Type           Power        Failure   Level  Hunger
b - Sticks to Snakes      Tmut           ##......     4%          2    ###....
c - Song of Slaying       Chrm           #.......     32%         2    ###....
h - Spider Form           Tmut/Pois      #.........   26%         3    ###....
y - Regeneration          Chrm/Necr      #.........   54%         3    ###....


Dungeon Overview and Level Annotations

Branches:
Dungeon (10/15)            Temple (1/1) D:7            Lair (0/6) D:8
    Orc (0/2) D:9

Altars:
Ashenzari
Cheibriados
Dithmenos
Elyvilon
Fedhas
Gozag
Hepliaklqana
Kikubaaqudgha
Makhleb
Nemelex Xobeh
Okawaru
Qazlal
Ru
Sif Muna
Trog
Uskayaw
Vehumet
Wu Jian
Xom
Yredelemnul
Zin
The Shining One

Shops:
D:5 *}[   D:6 :   D:9 ([

Annotations:
D:10 Ijustatesigmund's ghost, journeyman OgAr


Innate Abilities, Weirdness & Mutations

You can spit globs of acid.
You are resistant to acid.
Your golden yellow scales are hard. (AC +7)
You cannot fit into any form of body armour.
You are cold-blooded and may be slowed by cold attacks.
You cannot be stealthy.
You are hated by all.
Your flesh is cold resistant. (rC+)
You are somewhat resistant to further mutation.


Message History

Ijustatesigmund's ghost is heavily damaged.
You hit Ijustatesigmund's ghost.
Ijustatesigmund's ghost is heavily damaged.
Ijustatesigmund's ghost barely misses you.
You completely miss Ijustatesigmund's ghost.
Ijustatesigmund's ghost is heavily damaged.
Ijustatesigmund's ghost misses you.
You hit Ijustatesigmund's ghost.
Ijustatesigmund's ghost is severely damaged.
Your transformation has ended.
Your +0 cloak unmelds from your body.
Your +0 pair of gloves unmelds from your body.
Ijustatesigmund's ghost hits you!!
You hit Ijustatesigmund's ghost.
Ijustatesigmund's ghost is severely damaged.
Ijustatesigmund's ghost barely misses you.
Ijustatesigmund's ghost wails, "I have seen your future, and it is all used up."
There is a stone staircase leading down here.
Ijustatesigmund's ghost hits you!!!
You die...

..... ######..##.#
#.# ..... ##.##.#
#.# ##### #..#)#
#.# ##.#.# #.####
#.#.# #....#
#.#.#######.# ###
#.........#.# ..#
#####..W#####.#.##
..# ........@#
#..# ..#
########.#
##.##### ..# #.#
#.#......# ..# #.#
#....).#.# ..# #.#
#....#)# ..# #.#
.......#)# ..# #.#
####...#.# ..# #..
.....#.# ..#
#######.#####


You could see Ijustatesigmund's ghost.

Vanquished Creatures
  2 two-headed ogres
  Grinder (D:4)
  2 hippogriffs
  Sigmund (D:2)
  A wraith (D:10)
  A wyvern (D:8)
  A spriggan (D:7)
  Eustachio (D:6)
  4 yaks
  2 basilisks
  Menkaure (D:5)
  A naga (D:9)
  Duvessa (D:6)
  A porcupine (D:8)
  2 water moccasins
  7 ice beasts
  6 orc warriors
  4 ogres
  5 sky beasts
  2 phantoms
  4 necrophages (D:6)
  2 crocodiles
  2 centaurs
  Blork the orc (D:6)
  7 bullfrogs
  A gnoll sergeant (D:6)
  A wyvern skeleton (D:8)
  4 scorpions
  Dowan (D:6)
  3 killer bees (D:7)
  11 wights
  6 howler monkeys (D:8)
  4 crimson imps
  2 bullfrog zombies
  2 quasits
  A bullfrog skeleton (D:6)
  5 hounds
  7 orc wizards
  16 orc priests
  2 jellies
  2 centaur skeletons
  4 iguanas
  6 worker ants
  A hound zombie (D:6)
  2 hound skeletons
  2 worker ant zombies
  5 gnolls (D:6)
  13 adders
  2 shadow imps
  2 oozes
  An adder skeleton (D:6)
  An adder zombie (D:5)
  3 worms
  3 dart slugs
  8 leopard geckos
  39 orcs
  9 bats
  6 giant cockroaches
  7 goblins
  10 hobgoblins
  15 jackals
  7 quokkas
  5 ball pythons
  8 frilled lizards
  A giant cockroach zombie (D:6)
  2 jackal skeletons
  A jackal zombie (D:6)
  6 kobolds
  13 rats
312 creatures vanquished.

Vanquished Creatures (others)
  2 bushes (D:6)
  A fungus (D:8)
  11 plants
  A withered plant (D:8)
15 creatures vanquished.

Grand Total: 327 creatures vanquished

Notes
Turn   | Place    | Note
-------+----------+-------------------------------------------
     0 | D:1      | Duffy the Draconian Transmuter began the quest for the Orb.
     0 | D:1      | Reached XP level 1. HP: 16/16 MP: 3/3
   320 | D:1      | Reached XP level 2. HP: 21/23 MP: 5/5
   325 | D:1      | Learned a level 2 spell: Sticks to Snakes
  1087 | D:2      | Found a hazy altar of Hepliaklqana.
  1101 | D:2      | Reached skill level 4 in Unarmed Combat
  1101 | D:2      | Reached XP level 3. HP: 24/28 MP: 6/6
  1211 | D:2      | Noticed Sigmund
  1343 | D:1      | Learned a level 3 spell: Spider Form
  1577 | D:2      | Killed Sigmund
  1577 | D:2      | Reached skill level 5 in Unarmed Combat
  1577 | D:2      | Reached XP level 4. HP: 20/35 MP: 4/7
  1577 | D:2      | Reached XP level 5. HP: 22/40 MP: 4/8
  2617 | D:2      | Found an opulent altar of Gozag.
  2971 | D:3      | Found a hide-covered altar of Uskayaw.
  3096 | D:3      | Reached XP level 6. HP: 47/47 MP: 9/9
  3261 | D:3      | Found a sparkling altar of Nemelex Xobeh.
  3458 | D:3      | Reached skill level 6 in Unarmed Combat
  3476 | D:3      | Found a shattered altar of Ashenzari.
  4489 | D:4      | Reached skill level 7 in Unarmed Combat
  4489 | D:4      | Your scales start taking on a golden yellow colour.
  4489 | D:4      | Reached XP level 7. HP: 42/52 MP: 8/10
  5213 | D:4      | Reached skill level 5 in Transmutations
  5289 | D:4      | Noticed Grinder
  5315 | D:4      | Killed Grinder
  5869 | D:4      | You fall through a shaft for 2 floors!
  5912 | D:6      | Noticed Blork the orc
  5936 | D:6      | Reached skill level 8 in Unarmed Combat
  5936 | D:6      | Reached XP level 8. HP: 56/62 MP: 8/11
  5945 | D:6      | Killed Blork the orc
  6214 | D:6      | Found Edusmash's Book Shoppe.
  6230 | D:6      | Noticed Duvessa
  6231 | D:6      | Noticed Dowan
  6256 | D:6      | Killed Duvessa
  6261 | D:6      | Killed Dowan
  6751 | D:5      | Entered Level 5 of the Dungeon
  6751 | D:5      | Noticed Menkaure
  6759 | D:5      | Killed Menkaure
  6808 | D:5      | Reached skill level 5 in Fighting
  6808 | D:5      | Reached skill level 9 in Unarmed Combat
  6954 | D:5      | Reached XP level 9. HP: 71/74 MP: 8/12
  7445 | D:5      | Found Nesm's Armour Boutique.
  7604 | D:5      | Found Diceitroto's Gadget Boutique.
  7644 | D:5      | Found a bloodstained altar of Trog.
  7654 | D:5      | Found Bieziwne's Assorted Antiques.
  7671 | D:5      | Bought a fuming blue potion for 18 gold pieces
  7671 | D:5      | Bought a scroll labeled REGRECK ROLYIB for 21 gold pieces
  7671 | D:5      | Bought a scroll of identify for 42 gold pieces
  7960 | D:5      | Reached skill level 5 in Dodging
  7966 | D:5      | Gained mutation: Scrolls take you a little longer to read. [mutagenic meat]
  7967 | D:5      | Gained mutation: Your muscles are strong. (Str +2) [mutagenic meat]
  7968 | D:5      | Gained mutation: Scrolls take you longer to read. [mutagenic meat]
  7969 | D:5      | Lost mutation: Your muscles are strong. (Str +2) [mutagenic meat]
  7970 | D:5      | Gained mutation: You are clumsy. (Dex -2) [mutagenic meat]
  8509 | D:6      | Noticed Eustachio
  8520 | D:6      | Killed Eustachio
  8690 | D:6      | Lost mutation: Scrolls take you longer to read. [potion of mutation]
  8690 | D:6      | Lost mutation: Scrolls take you a little longer to read. [potion of mutation]
  8690 | D:6      | Lost mutation: You are clumsy. (Dex -2) [potion of mutation]
  8690 | D:6      | Gained mutation: Your flesh is cold resistant. (rC+) [potion of mutation]
  8690 | D:6      | Gained mutation: You are somewhat resistant to further mutation. [potion of mutation]
  8877 | D:6      | Found an iron altar of Okawaru.
  8883 | D:6      | Found a blossoming altar of Fedhas.
  9494 | D:7      | Reached skill level 10 in Unarmed Combat
  9614 | D:7      | Found a staircase to the Ecumenical Temple.
  9622 | Temple   | Entered the Ecumenical Temple
  9695 | Temple   | Became a worshipper of Ru the Awakened
 10059 | D:7      | Reached XP level 10. HP: 81/84 MP: 13/13
 10154 | D:7      | Learned a level 3 spell: Regeneration
 10157 | D:7      | Learned a level 2 spell: Song of Slaying
 11092 | D:8      | Noticed a two-headed ogre
 11207 | D:8      | Killed a two-headed ogre
 11207 | D:8      | Reached skill level 11 in Unarmed Combat
 11360 | D:8      | Found a staircase to the Lair.
 11863 | D:7      | Gained mutation: You cannot be stealthy. [Ru sacrifice]
 12249 | D:8      | Found an ancient bone altar of Kikubaaqudgha.
 12852 | D:8      | Found a radiant altar of Vehumet.
 12984 | D:9      | Found a glowing golden altar of the Shining One.
 12992 | D:8      | Reached XP level 11. HP: 80/95 MP: 7/14
 13159 | D:9      | Noticed a two-headed ogre
 13177 | D:9      | Killed a two-headed ogre
 13336 | D:9      | Found a shattered altar of Ashenzari.
 13440 | D:9      | Found Amiagone's Armour Shop.
 13445 | D:9      | Found a staircase to the Orcish Mines.
 13447 | D:9      | Found Avvituric's Weapon Shop.
 13604 | D:9      | Gained mutation: You are hated by all. [Ru sacrifice]
 13604 | D:9      | Reached * piety under Ru
 13604 | D:9      | Reached ** piety under Ru
 13711 | D:9      | Reached skill level 1 in Evocations
 14064 | D:9      | Found a stormy altar of Qazlal.
 14299 | D:9      | Noticed Erolcha
 14402 | D:9      | Noticed Erolcha
 14402 | D:9      | Erolcha changed into Erolcha the naga
 14411 | D:9      | Killed Erolcha the naga
 14519 | D:10     | Entered Level 10 of the Dungeon
 15249 | D:10     | Noticed Ijustatesigmund's ghost (journeyman OgAr)
 15296 | D:10     | Mangled by Ijustatesigmund's ghost

Vault maps used:
D:1:      lemuel_arrival_broad_hall
D:2:      lemuel_crystal_altar, grunt_gozag_breadcrumbs, uniq_sigmund
D:3:      old_standard_altar, lemuel_coloured_pillars_altar,
          hangedman_abyss_or_decor_lesser_grid, ashenzari_altar_1
D:4:      minmay_vboxes, uniq_grinder
D:5:      bloody_trog, first_bread, serial_shops, shop_statue, shop,
          nicolae_shop_competitors_out_of_business, uniq_menkaure
D:6:      fedhas_altar_decomposition, kennysheep_mini, serial_shops,
          nicolae_shop_crystal, uniq_duvessa, uniq_eustachio, uniq_blork_the_orc
D:7:      minmay_temple_entry_trees, the_bakery
D:8:      kiku_gazebo_garden_becter, nicolae_overflow_crystal_walls,
          minmay_lair_entry_grove, lightli_minifort
D:9:      lemuel_round_altar, overflow_temple_1_default, old_standard_altar,
          orc_david_3, kennysheep_another_room, uniq_erolcha
Temple:   cyrus_temple_forest

Skill      XL: |  1  2  3  4  5  6  7  8  9 10 11 |
---------------+----------------------------------+-----
Unarmed Combat | 4 5 7 8 9 10 11 | 11.8
Transmutations | 3 4 5 |  5.0
Fighting       | 2 5 7 9 |  9.8
Dodging        | 2 4 6 8 |  8.0
Evocations     | 3 |  3.2
Spellcasting   | 3 |  3.0

Action                   |  1- 3 |  4- 6 |  7- 9 | 10-12 || total
-------------------------+-------+-------+-------+-------++-------
Melee: Unarmed           |   118 |   189 |   422 |   573 ||  1302
       Tailslap          |     4 |    13 |    35 |    57 ||   109
       Punch             |     2 |     4 |     5 |    21 ||    32
 Cast: Spider Form       |     1 |     8 |    21 |    15 ||    45
       Sticks to Snakes  |     1 |     2 |       |       ||     3
Invok: Sacrifice Stealth |       |       |       |     1 ||     1
       Sacrifice Love    |       |       |       |     1 ||     1
Evoke: Wand              |       |       |       |    10 ||    10
  Use: Scroll            |       |     9 |     6 |     7 ||    22
       Potion            |       |       |     1 |       ||     1
 Stab: Sleeping          |     1 |     2 |     3 |       ||     6
       Distracted        |       |       |     1 |     2 ||     3
       Invisible         |       |       |       |     1 ||     1
  Eat: Chunk             |     1 |     8 |    31 |    19 ||    59
       Bread ration      |     1 |       |     1 |       ||     2
Armor: Skin              |    38 |    55 |    79 |   100 ||   272
Dodge: Dodged            |    71 |   115 |   277 |   421 ||   884
